 Dungeon Crawl Stone Soup version 0.29-a0-823-gc37b1572da (webtiles) character file.

Game seed: 16382824042878670942

92 zeratav the Stinger (level 4, 0/27 HPs)
             Began as an Octopode Venom Mage on July 8, 2022.
             Slain by a gnoll
             ... wielding a +0 spear
              (8 damage)
             ... on level 3 of the Dungeon.
             The game lasted 00:06:05 (4218 turns).

zeratav the Stinger (Octopode Venom Mage)           Turns: 4218, Time: 00:06:05

Health: 0/27       AC:  1    Str:  7    XL:     4   Next: 60%
Magic:  2/7        EV: 13    Int: 19    God:
Gold:   129        SH:  0    Dex: 12    Spells: 0/7 levels left

rFire   . . .      SeeInvis .   d - +0 dagger {short}
rCold   . . .      Faith    .   (no shield)
rNeg    . . .      Spirit   .   (helmet restricted)
rPois   .          Reflect  .   (no amulet)
rElec   .          Harm     .   (no ring)
rCorr   .          Rampage  .   (no ring)
Will    .....                   (no ring)
Stlth   ++++......              (no ring)
HPRegen 0.09/turn               (no ring)
MPRegen 0.10/turn               (no ring)
                                (no ring)
                                (no ring)

@: very slightly contaminated
A: almost no armour, amphibious, 8 rings, camouflage 1, gelatinous body 1,
(nimble swimmer 1), tentacles
a: no special abilities


You were on level 3 of the Dungeon.
You visited 1 branch of the dungeon, and saw 3 of its levels.

You collected 189 gold pieces.
You spent 60 gold pieces at shops.


Innate Abilities, Weirdness & Mutations

You cannot wear most types of armour.
You are amphibious.
You can wear up to eight rings at the same time.
Your skin changes colour to match your surroundings (Stealth+).
Your rubbery body absorbs attacks. (AC +1, EV +1)
((You are camouflaged when in or above water. (Stealth+)))
You have tentacles for arms and can constrict up to eight enemies at once.


   Skills:
 - Level 2.0 Dodging
 - Level 5.0 Stealth
 - Level 2.0 Spellcasting
 - Level 1.0 Transmutations
 + Level 5.2 Poison Magic


You couldn't memorise any spells.
You knew the following spells:

 Your Spells              Type           Power      Damage    Failure   Level
a - Sting                 Tmut/Pois      52%        1d5       4%          1
b - Poisonous Vapours     Pois/Air       22%        N/A       9%          2
c - Olgreb's Toxic Radia  Pois           21%        N/A       21%         4

Your spell library contained the following spells:

 Spells                   Type           Power      Damage    Failure   Level
 Freeze                   Ice            4%         1d3       17%         1
 Ignite Poison            Fire/Tmut/Pois 9%         N/A       22%         3
 Mephitic Cloud           Conj/Pois/Air  8%         N/A       26%         3
 Conjure Flame            Conj/Fire      1%         6-21      45%         3
 Dazzling Flash           Conj/Hex       2%         N/A       45%         3
 Frozen Ramparts          Ice            2%         1d2       45%         3
 Hailstorm                Conj/Ice       1%         3d3       86%         4
 Sticky Flame             Conj/Fire      1%         2d3       86%         4
 Agony                    Necr           1%         N/A       99%         5
 Silence                  Hex/Air        0%         N/A       99%         5

Inventory:

Hand Weapons
 d - a +0 dagger (weapon) {short}
   (You took it off a goblin on level 1 of the Dungeon)
Armour
 o - a +0 buckler
   (You took it off a goblin on level 3 of the Dungeon)
Wands
 m - a wand of polymorph (6)
   (You found it on level 2 of the Dungeon)
Scrolls
 b - a scroll of fear
 c - 2 scrolls of magic mapping {!r}
 e - a scroll of silence {!r}
 h - 2 scrolls of vulnerability {!r!r}
 l - a scroll of brand weapon {unknown}
 n - a scroll of enchant weapon {unknown}
 p - a scroll of immolation {unknown}
Potions
 a - a potion of magic
 f - a potion of mutation {unknown}
 g - 2 potions of might {unknown}
 i - a potion of ambrosia {unknown}
 j - a potion of flight {unknown}
 k - a potion of cancellation {unknown}

Dungeon Overview and Level Annotations

Branches:
Dungeon (3/15) Zot: 13781

Altars:
Dithmenos
The Shining One

Shops:
D:3 ?

Annotations:
D:3 exclusion: gnoll

...# #.
...# #.
...# #.
...# #.
...# #.
...# #g
...# #.
...#
#g######
...#
#.gg@..#
...#
#####.##
...# #.#
#### #.#
#.# #.# ##
########.#
.#
#........#
.#
#.########


You could see 3 gnolls.


Message History

Aim: a kobold, wielding a +0 whip (asleep)
You miscast Poisonous Vapours.
You are very lightly contaminated with residual magic.
Nothing appears to happen.
MP[-2]
You lost 2 mp, and now have 5/7 mp.
Casting: Poisonous Vapours (safe; 12% risk of failure)
Confirm with . or Enter, or press ? or * to list all spells.
Aiming: Poisonous Vapours (safe; 12% risk of failure)
Press: ? - help, Dir - move target, f/p - kobold
Aim: a kobold, wielding a +0 whip (asleep) Poisonous vapours surround the kobold!
The kobold is poisoned.
The kobold shouts!
MP[-2]
You lost 2 mp, and now have 3/7 mp.
Casting: Poisonous Vapours (safe; 12% risk of failure)
Confirm with . or Enter, or press ? or * to list all spells.
Aiming: Poisonous Vapours (safe; 12% risk of failure)
Press: ? - help, Dir - move target, f/p - kobold
Aim: a kobold, wielding a +0 whip (poisoned) Poisonous vapours surround the kobold!
The kobold looks even sicker.
You kill the kobold!
MP[-2]
You lost 2 mp, and now have 1/7 mp.
Your magical contamination has completely faded away.
You see here a +0 whip {mace}.
A hobgoblin comes into view.
MP[+6]
Your mp is fully restored (7).
A hobgoblin is nearby!
The helpless hobgoblin fails to defend itself.
You puncture the hobgoblin!
You kill the hobgoblin!
No target in view!
You see here a hobgoblin corpse.
Found a stone staircase leading up.
You see here 6 poisoned darts {throwing}.
p - a scroll labelled YDYMUZ WOVU You see here 6 poisoned darts {throwing}.
There is an open door here.
As you open the door, it creaks loudly!
There is an open door here.
You open the door.
There is an open door here.
Found a stone staircase leading down.
Found a stone staircase leading up.
There is an open door here.
There is an open door here.
There is an open door here.
You see here a +0 whip {mace}.
You see here 6 poisoned darts {throwing}.
Key pressed, stopping explore.
The gnoll shouts! x2; You hear a shout!
There are monsters nearby!
Okay, then.
Okay, then.
The gnoll closely misses you.
You start removing your armour.
You continue taking off your +0 buckler.
The gnoll closely misses you.
You continue taking off your +0 buckler. x3
You finish taking off your +0 buckler.
Casting: Poisonous Vapours (safe; 9% risk of failure)
Confirm with . or Enter, or press ? or * to list all spells.
Aiming: Poisonous Vapours (safe; 9% risk of failure)
Press: ? - help, Dir - move target, f - gnoll
Aim: a gnoll, wielding a +0 spear Poisonous vapours surround the gnoll!
The gnoll is poisoned.
The gnoll misses you.
The gnoll hits you from afar with a +0 spear!
HP[-8] MP[-2]
You take 8 damage, and now have 19/27 hp.
MASSIVE DAMAGE!! (PAUSE)
You lost 2 mp, and now have 5/7 mp.
Casting: Poisonous Vapours (safe; 9% risk of failure)
Confirm with . or Enter, or press ? or * to list all spells.
Aiming: Poisonous Vapours (safe; 9% risk of failure)
Press: ? - help, Dir - move target, f/p - gnoll
Aim: a gnoll, wielding a +0 spear (poisoned)
You miscast Poisonous Vapours.
You are very lightly contaminated with residual magic.
Nothing appears to happen.
The gnoll closely misses you. The gnoll misses you.
MP[-2]
You lost 2 mp, and now have 3/7 mp.
The gnoll attacks as you move away! The gnoll hits you with a +0 flail!
* * * LOW HITPOINT WARNING * * *
HP[-8]
You take 8 damage, and now have 11/27 hp.
MASSIVE DAMAGE!! (PAUSE)
Casting: Poisonous Vapours (safe; 9% risk of failure)
Confirm with . or Enter, or press ? or * to list all spells.
Aiming: Sting (safe; 4% risk of failure)
Press: ? - help, Shift-Dir - straight line, f - gnoll, p - gnoll
Aim: a gnoll, wielding a +0 flail (75% to hit)
The sting misses the gnoll.
The sting hits the gnoll but does no damage.
The gnoll looks even sicker.
The gnoll hits you with a +0 flail.
* * * LOW HITPOINT WARNING * * *
The gnoll hits you from afar with a +0 spear!
You die...

Skill      XL: |  1  2  3  4 |
---------------+-------------+-----
Stealth        | 3 4 5 |  5.0
Poison Magic   | 4 5 |  5.2
Dodging        | |  2.0
Spellcasting   | |  2.0
Transmutations | |  1.0

Action                   |  1- 3 |  4- 6 || total
-------------------------+-------+-------++-------
Melee: Unarmed           |     4 |       ||     4
       Constrict         |    17 |     4 ||    21
       Tentacles         |    12 |     8 ||    20
       Dagger            |    55 |    32 ||    87
 Cast: Sting             |    27 |    22 ||    49
       Poisonous Vapours |       |     6 ||     6
  Use: Scroll            |       |     4 ||     4
 Stab: Sleeping          |     6 |     2 ||     8
Armor: Skin              |     4 |     4 ||     8
Dodge: Dodged            |    47 |    34 ||    81
Block: Buckler           |       |     4 ||     4

Levels and vault maps discovered:
D:1:      minmay_arrival_pointy, layout_loops_ring,
          hellmonk_ecumenical_altar_pennies_from_heaven, nrook_mini_vaults,
          minmay_unequal
D:2:      layout_basic, basic_altar, chequers_serial_rivers_room_a
D:3:      layout_basic, general_overflow_altar, serial_shops,
          nicolae_diamond_shop

Notes
Turn   | Place    | Note
-------+----------+-------------------------------------------
     0 | D:1      | zeratav the Octopode Venom Mage began the quest for the
                  | Orb.
     0 | D:1      | Reached XP level 1. HP: 11/11 MP: 3/3
     0 | D:1      | magus.rc [v1.9.6]
    11 | D:1      | You pick up a book of Frost and begin reading...
    11 | D:1      | You add the spells Freeze, Frozen Ramparts and Hailstorm to
                  | your library.
    32 | D:1      | You pick up a book of the Senses and begin reading...
    32 | D:1      | You add the spells Dazzling Flash, Agony and Silence to
                  | your library.
    86 | D:1      | Reached skill level 3 in Stealth
   220 | D:1      | Reached XP level 2. HP: 7/17 MP: 0/5
   440 | D:1      | Reached skill level 4 in Poison Magic
   802 | D:1      | HP: 1/17 [goblin/+0 club (4)]
  1139 | D:1      | Reached skill level 4 in Stealth
  1139 | D:1      | Reached XP level 3. HP: 13/21 MP: 2/6
  1274 | D:1      | Learned a level 2 spell: Poisonous Vapours
  1344 | D:1      | Found a faded altar of an unknown god.
  1968 | D:2      | You add the spells Conjure Flame, Ignite Poison and Sticky
                  | Flame to your library.
  2087 | D:2      | Reached XP level 4. HP: 23/27 MP: 3/7
  2416 | D:2      | Reached skill level 5 in Poison Magic
  2528 | D:2      | Found a glowing golden altar of the Shining One.
  2830 | D:3      | Found a shadowy altar of Dithmenos.
  2923 | D:3      | Learned a level 4 spell: Olgreb's Toxic Radiance
  2987 | D:3      | Found Kyrph's Magic Scroll Emporium.
  2994 | D:3      | Bought a scroll of identify for 20 gold pieces
  2994 | D:3      | Bought a scroll of identify for 20 gold pieces
  2994 | D:3      | Bought a scroll of identify for 20 gold pieces
  3165 | D:3      | Reached skill level 5 in Stealth
  4218 | D:3      | Slain by a gnoll

Vanquished Creatures
  A gnoll (D:1)
  An adder (D:2)
  A worm (D:2)
  2 dart slugs
  7 ball pythons
  8 endoplasms
  4 giant cockroaches (D:1)
  6 goblins
  4 hobgoblins
  8 jackals
  A quokka (D:1)
  4 bats
  5 frilled lizards
  2 kobolds
  4 rats
58 creatures vanquished.

Table legend:
 A = Non-vault XP
 B = Vault XP
 C = Vault XP percentage of total XP
 D = Non-vault monster count
 E = Vault monster count
 F = Vault count percentage of total count
                 A         B        C        D         E       F
            +---------+---------+-------+---------+---------+-------
      Total |     127 |       5 |   3.8 |      55 |       3 |   5.2
            +---------+---------+-------+---------+---------+-------
        D:1 |      67 |       5 |   6.9 |      31 |       3 |   8.8
        D:2 |      39 |       0 |   0.0 |      13 |       0 |   0.0
        D:3 |      21 |       0 |   0.0 |      11 |       0 |   0.0
            +---------+---------+-------+---------+---------+-------

Illustrated notes

Table legend:
 A = Kills in this place as a percentage of kills in entire the game.
 B = Kills by you in this place as a percentage of kills by you in the entire game.
 C = Kills by friends in this place as a percentage of kills by friends in the entire game.
 D = Other kills in this place as a percentage of other kills in the entire game.
 E = Experience gained in this place as a percentage of experience gained in the entire game.
 F = Experience gained in this place divided by the number of levels of this place that you have seen.
                   A       B       C       D       E      F
               +-------+-------+-------+-------+-------+----------------------
         Total | 100.0 | 100.0 |   N/A |   N/A | 100.0 |  44.0
       Dungeon | 100.0 | 100.0 |   N/A |   N/A | 100.0 |  44.0
               +-------+-------+-------+-------+-------+----------------------

Table legend: (Time is in decaauts)
 A = Elapsed time spent in this place.
 B = Non-inter-level travel time spent in this place.
 C = Inter-level travel time spent in this place.
 D = Time resting spent in this place.
 E = Time spent auto-exploring this place.
 F = Levels seen in this place.
 G = Mean time per level.
                   A        B        C        D        E       F      G
               +--------+--------+--------+--------+--------+-----+--------+
         Total |   4218 |   4191 |     27 |    676 |   3091 |   3 | 1406.0 |
       Dungeon |   4218 |   4191 |     27 |    676 |   3091 |   3 | 1406.0 |
               +--------+--------+--------+--------+--------+-----+--------+

Top non-repeatable levels by time:
     D:1: 1957 daAuts
     D:3: 1527 daAuts
     D:2: 732 daAuts
